 Dungeon Crawl Stone Soup version 0.30.0-29-ga12c61a403 (webtiles) character file.

Game seed: 14098388627723957207

14 Sabo the Gusty (level 2, 20/20 HPs)
             Began as a Draconian Air Elementalist on June 13, 2023.
             Was a Follower of Uskayaw.
             Got out of the dungeon alive.
             The game lasted 00:05:56 (804 turns).

Sabo the Gusty (Draconian Air Elementalist)          Turns: 804, Time: 00:05:57

Health: 20/20      AC:  4    Str: 10    XL:     2   Next: 27%
Magic:  5/5        EV: 12    Int: 15    God:    Uskayaw [*.....]
Gold:   0          SH:  0    Dex: 11    Spells: 4/5 levels left

rFire   . . .        e - +0 mace
rCold   . . .        (no shield)
rNeg    . . .        (body armour unavailable)
rPois   .            (helmet restricted)
rElec   .            (no cloak)
rCorr   .            (no gloves)
SInv    .            (no boots)
Will    .....        (no amulet)
Stlth   ++           (no ring)
HPRegen 0.23/turn    (no ring)
MPRegen 0.09/turn

%: no passive effects
@: no status effects
A: AC +4, unfitting armour, cold-blooded
a: Renounce Religion, Stomp


You escaped.
You worshipped Uskayaw.
Uskayaw was noncommittal.
You visited 1 branch of the dungeon, and saw 1 of its levels.

Inventory:

Hand Weapons
 e - a +0 mace (weapon)
Scrolls
 b - 2 scrolls of blinking {unknown}
 c - a scroll of teleportation {unknown}
 d - a scroll of enchant armour {unknown}
 f - 2 scrolls of immolation {unknown}
 g - a scroll of identify {unknown}
 h - a scroll of vulnerability {unknown}
Potions
 a - a potion of magic
 i - a potion of haste {unknown}


   Skills:
 + Level 0.2 Maces & Flails
 + Level 1.9 Dodging
 + Level 1.8 Stealth
 + Level 2.2 Spellcasting
 + Level 1.5 Conjurations
 + Level 3.1 Air Magic


You had 4 spell levels left.
You knew the following spells:

 Your Spells              Type           Power      Damage    Failure   Level
a - Shock                 Conj/Air       32%        1d5       9%          1

Your spell library contained the following spells:

 Spells                   Type           Power      Damage    Failure   Level
 Static Discharge         Conj/Air       16%        2-3/arc   13%         2
 Swiftness                Air            11%        N/A       19%         3
 Airstrike                Air            5%         2d(1-17)  52%         4


Dungeon Overview and Level Annotations

Branches:
Dungeon (1/15)

Altars:
Uskayaw


Innate Abilities, Weirdness & Mutations

Your plain brown scales are hard. (AC +4)
You cannot fit into any form of body armour.
You are cold-blooded and may be slowed by cold attacks.


Message History

You closely miss the frilled lizard. The frilled lizard barely misses you.
The frilled lizard closely misses you.
You hit the frilled lizard.
You kill the frilled lizard!
The bat barely misses you. The bat barely misses you.
The bat barely misses you. The bat barely misses you.
The bat barely misses you. The bat closely misses you.
You completely miss the bat. The bat closely misses you.
The bat barely misses you. The bat misses you. The bat barely misses you.
The bat hits you but does no damage. The bat barely misses you. x2
The bat closely misses you.
You hit the bat.
The bat is severely wounded.
The bat hits you but does no damage. The bat closely misses you.
You closely miss the bat.
The bat is severely wounded.
The bat hits you but does no damage. The bat barely misses you.
The bat barely misses you. The bat hits you. The bat attacks as you move away!
The bat closely misses you. The bat misses you. The bat closely misses you.
The bat hits you but does no damage. The bat hits you but does no damage.
The bat hits you but does no damage.
You hit the bat.
You kill the bat!
There is an open door here.
There is a staircase leading out of the dungeon here.
You can't go down here!
Are you sure you want to leave the Dungeon?
This will make you lose the game!
Uppercase [Y]es or [N]o only, please.
Are you sure you want to leave the Dungeon?
This will make you lose the game!
You have escaped!

#### ##♣≈≈≈##
#>.♣≈≈≈#
###..♣♣♣###
#@......'.#
###..♣♣♣#.###
#..♣≈≈≈#...####
##♣~≈≈####....###
#### ####...#
###.# #.. ###


There were no monsters in sight!

Vanquished Creatures
  A ball python (D:1)
  A bat (D:1)
  An endoplasm (D:1)
  3 giant cockroaches (D:1)
  2 goblins (D:1)
  A hobgoblin (D:1)
  A frilled lizard (D:1)
  A kobold (D:1)
11 creatures vanquished.

Notes
Turn   | Place    | Note
-------+----------+-------------------------------------------
     0 | D:1      | Sabo the Draconian Air Elementalist began the quest for the
                  | Orb.
     0 | D:1      | Reached XP level 1. HP: 14/14 MP: 3/3
   583 | D:1      | Found a faded altar of an unknown god.
   587 | D:1      | Reached XP level 2. HP: 14/20 MP: 5/5
   622 | D:1      | Prayed at the altar of an unknown god.
   622 | D:1      | Became a worshipper of Uskayaw the Reveller
   622 | D:1      | Reached * piety under Uskayaw
   804 | D:$      | Got out of the dungeon alive.

Illustrated notes

Levels and vault maps discovered:
D:1:      saegor_arrival_simple_d, layout_loops_ring,
          dreamdust_ecumenical_altar_hidden_monk_grotto

Action                     || total
---------------------------++-------
  Melee: Unarmed           ||    19
         Mace              ||    24
         Dagger            ||     3
         Tailslap          ||     3
   Cast: Shock             ||     8
   Stab: Sleeping          ||     2
 Armour: Skin              ||    23
  Dodge: Dodged            ||    37
